 Dungeon Crawl Stone Soup version 0.22-a0-458-gb446440 (webtiles) character file.

51 4thArraOfDagon the Chopper (level 3, 1/34 HPs)
             Began as a Hill Orc Fighter on June 8, 2018.
             Quit the game on level 4 of the Dungeon.
             The game lasted 00:01:27 (279 turns).

4thArraOfDagon the Chopper (Hill Orc Fighter)        Turns: 279, Time: 00:01:28

Health: 1/34       AC:  6    Str: 18    XL:     3   Next: 81%
Magic:  3/3        EV: 14    Int:  9    God:
Gold:   19         SH:  0    Dex: 15    Spells: 2/2 levels left

rFire    + . .     SeeInvis .   a - +0 war axe
rCold    . . .     Gourm    .   (no shield)
rNeg     . . .     Faith    .   b - +0 scale mail
rPois    .         Spirit   .   (no helmet)
rElec    .         Reflect  .   (no cloak)
rCorr    .         Harm     .   (no gloves)
MR       .....                  (no boots)
Stlth    +.........             (no amulet)
HPRegen  0.11/turn              e - ring of protection from fire
MPRegen  0.08/turn              (no ring)

@: agile, lethally poisoned (1 -> -5)
A: no striking features
a: no special abilities


You were on level 4 of the Dungeon.
You were not hungry.

You visited 1 branch of the dungeon, and saw 4 of its levels.

You collected 19 gold pieces.

Inventory:

Hand Weapons
 a - a +0 war axe (weapon)
Armour
 b - a +0 scale mail (worn)
Jewellery
 e - a ring of protection from fire (left hand)
Scrolls
 c - a scroll of enchant armour {unknown}
 g - a scroll of immolation {unknown}
 h - 2 scrolls of blinking {unknown}
 j - 2 scrolls of teleportation {unknown}
Potions
 d - a potion of might
 i - a potion of agility
Comestibles
 f - 2 rations


   Skills:
 + Level 4.3 Fighting
 * Level 4.6 Axes
 - Level 3.2 Armour
   Level 3.2 Shields


You had 2 spell levels left.
You didn't know any spells.
Your spell library was empty.

Dungeon Overview and Level Annotations

Branches:
Dungeon (4/15)
 Temple: D:4-7

Altars:


Message History

You feel sick. The worker ant barely misses you.
The orc hits you but does no damage. The worker ant closely misses you.
Unknown command.
You slash the worker ant!
You kill the worker ant!
* * * LOW HITPOINT WARNING * * *
You feel sick. The orc hits you but does no damage.
Unknown command.
Unknown command.
* * * LOW HITPOINT WARNING * * *
You feel sick.
Found a stone staircase leading down.
Unknown command.
* * * LOW HITPOINT WARNING * * *
You feel sick.
Unknown command.
Enter note: wow Unknown command.
Unknown command.
Are you sure you want to abandon this character and quit the game? (Confirm with "yes".)

####.#..#.S..
#.#.)..#
#...# ###.#
#S# #.# #o#
###.#######
#...@..>..#
#.#.#.#.#.#
#<#...>. #
#.#.#.#
......# #####
#


You could see an adder and an orc.

Vanquished Creatures
  A worker ant (D:4)
  A dart slug (D:2)
  A leopard gecko (D:3)
  3 orcs
  3 bats (D:2)
  A goblin (D:3)
  3 hobgoblins
  2 kobolds
  A ball python (D:3)
  2 frilled lizards
  5 rats
23 creatures vanquished.

Notes
Turn   | Place    | Note
-------+----------+-------------------------------------------
     0 | D:1      | 4thArraOfDagon the Hill Orc Fighter began the quest for the Orb.
     0 | D:1      | Reached XP level 1. HP: 19/19 MP: 1/1
    67 | D:2      | Reached XP level 2. HP: 27/27 MP: 2/2
   159 | D:3      | Reached XP level 3. HP: 17/33 MP: 3/3
   278 | D:4      | HP: 1/34 [poisoned by a worker ant]
   279 | D:4      | wow
   279 | D:4      | Quit the game

Vault maps used:
D:1:      dpeg_arrival_chase, serial_bayou, serial_bayou_lagoon_a,
          serial_bayou_shore_a, serial_bayou_ford_a, serial_bayou_pond_a,
          serial_bayou_lagoon_b
D:2:      chequers_ecumenical_altar_simple_redux, elyvilon_altar_4
D:3:      minmay_shallow_snake_nest
D:4:      first_ration

Skill      XL: |  1  2 |
---------------+-------+-----
Axes           | 3 4 |  4.6
Fighting       | 4 |  4.3
Armour         | |  3.2
Shields        | |  3.2

Action                   || total
-------------------------++-------
Melee: War axe           ||    56
  Use: Potion            ||     1
Armor: Scale mail        ||    24
Dodge: Dodged            ||    40

Table legend:
 A = Spawn XP
 B = Non-spawn XP
 C = Spawn XP percentage of total XP
 D = Spawn monster count
 E = Non-spawn monster count
 F = Spawn count percentage of total count
 G = Total turns spent on level
                    A         B        C        D         E        F      G
               +---------+---------+-------+---------+---------+-------+---------
         Total |       0 |      73 |   0.0 |       0 |      23 |   0.0 |   279
               +---------+---------+-------+---------+---------+-------+---------
           D:1 |       0 |       3 |   0.0 |       0 |       2 |   0.0 |    53
           D:2 |       0 |       9 |   0.0 |       0 |       5 |   0.0 |    40
           D:3 |       0 |      22 |   0.0 |       0 |      12 |   0.0 |    83
           D:4 |       0 |      39 |   0.0 |       0 |       4 |   0.0 |   103
               +---------+---------+-------+---------+---------+-------+---------
